 Dungeon Crawl Stone Soup version 0.31-a0-441-g867994ef1c (webtiles) character file.

Game seed: 11502814814717417171

112 CraigForest the Ducker (level 4, 0/33 HPs)
             Began as a Demonspawn Gladiator on Aug 2, 2023.
             Slain by Sigmund
             ... wielding a +2 scythe of flaming
              (1 damage)
             ... on level 2 of the Dungeon.
             The game lasted 00:07:38 (1359 turns).

CraigForest the Ducker (Demonspawn Gladiator)       Turns: 1359, Time: 00:07:39

Health: 0/33       AC:  4    Str: 15    XL:     4   Next: 63%
Magic:  4/4        EV: 13    Int:  9    God:
Gold:   42         SH:  0    Dex: 16    Spells: 3/3 levels left

rFire   . . .        k - +0 quarterstaff
rCold   . . .        (shield currently unavailable)
rNeg    . . .        b - +0 leather armour
rPois   .            c - +0 helmet
rElec   .            (no cloak)
rCorr   .            (no gloves)
SInv    .            (no boots)
Will    .....        h - amulet of regeneration
Stlth   ++           (no ring)
HPRegen 1.05/turn    (no ring)
MPRegen 0.09/turn

%: no passive effects
@: hasted, very quick
A: claws 1
a: no special abilities


You were on level 2 of the Dungeon.
You visited 1 branch of the dungeon, and saw 2 of its levels.

You collected 42 gold pieces.

Inventory:

Hand Weapons
 a - a +0 long sword
 k - a +0 quarterstaff (weapon)
Missiles
 d - 2 throwing nets
 e - a javelin (quivered)
 i - 6 atropa-tipped darts
Armour
 b - a +0 leather armour (worn)
 c - a +0 helmet (worn)
Jewellery
 h - an amulet of regeneration (around neck)
 j - a ring of ice
Potions
 f - a potion of magic
 g - a potion of haste


   Skills:
 + Level 2.2 Fighting
 * Level 3.4 Long Blades
 + Level 1.8 Throwing
 + Level 1.4 Armour
 + Level 3.6 Dodging
 + Level 1.0 Stealth


You had 3 spell levels left.
You didn't know any spells.
Your spell library contained the following spells:

 Spells                   Type           Power      Damage    Failure   Level
 Freeze                   Ice            0%         1d3       45%         1
 Frozen Ramparts          Ice            0%         1d1       83%         3
 Hailstorm                Conj/Ice       0%         3d3       83%         3
 Anguish                  Hex/Necr       0%         N/A       99%         4
 Cause Fear               Hex            0%         N/A       99%         4
 Enfeeble                 Hex            0%         N/A       100%        7


Dungeon Overview and Level Annotations

Branches:
Dungeon (2/15)

Altars:

Annotations:
D:2 Sigmund


Innate Abilities, Weirdness & Mutations

You have sharp fingernails.


Message History

You hit the bush.
The bush is lightly damaged.
Sigmund hits you with a +2 scythe of flaming!
Sigmund burns you.
You barely miss the bush. Sigmund closely misses you.
You hit Sigmund but do no damage.
Sigmund points at you and mumbles some strange words.
The magic dart hits you!
You thump the plant!
The plant begins to die.
The plant is lightly damaged.
You feel less confused.
Sigmund hits you with a +2 scythe of flaming.
Sigmund burns you.
You hit Sigmund but do no damage. Sigmund barely misses you.
You closely miss Sigmund.
A nearby plant withers and dies.
Sigmund misses you.
You hit Sigmund.
Sigmund is lightly wounded.
Sigmund misses you.
You closely miss Sigmund.
Sigmund is lightly wounded.
Sigmund breathes a few words.
Sigmund's hands start flickering wildly.
Sigmund misses you.
You closely miss Sigmund.
Sigmund is lightly wounded.
You hit Sigmund.
Sigmund is moderately wounded.
Sigmund hits you with a +2 scythe of flaming!
Sigmund burns you.
You feel yourself speed up.
Sigmund hits you with a +2 scythe of flaming.
* * * LOW HITPOINT WARNING * * *
Sigmund burns you.
* * * LOW HITPOINT WARNING * * *
You closely miss Sigmund.
Sigmund is moderately wounded.
Sigmund hits you with a +2 scythe of flaming!
* * * LOW HITPOINT WARNING * * *
Sigmund burns you.
You die...

.P .. ♣.# ♣PP# PP #..
♣..##### .P♣♣#
#..♣♣PP.^...## ♣..#
#..PP♣P...@..## #..
♣♣.# #...P.♣♣P@PP..#
#.. ♣♣..# #..♣.P...P#
#.. #..##
######......##.# #..
...####..............#
### ..
#......................
... .
..).#####.#<......#..##
###.#####
##..#####.#######.#....
......... ).........#
.#.#.. P.#......
###.####### .# ..
♣P.......


You could see Sigmund.

Vanquished Creatures
  4 gnolls (D:2)
  An adder (D:2)
  A worm (D:2)
  4 dart slugs
  3 endoplasms
  2 giant cockroaches
  6 goblins
  3 hobgoblins (D:1)
  8 jackals
  A quokka (D:1)
  2 ball pythons (D:2)
  4 bats
  5 frilled lizards (D:1)
  4 kobolds
  4 rats
52 creatures vanquished.

Notes
Turn   | Place    | Note
-------+----------+-------------------------------------------
     0 | D:1      | CraigForest the Demonspawn Gladiator began the quest for
                  | the Orb.
     0 | D:1      | Reached XP level 1. HP: 16/16 MP: 1/1
   135 | D:1      | Gained mutation: You have sharp fingernails. [demonic
                  | ancestry]
   135 | D:1      | Reached XP level 2. HP: 9/22 MP: 2/2
   405 | D:1      | Reached XP level 3. HP: 27/27 MP: 3/3
   805 | D:2      | Found a faded altar of an unknown god.
   840 | D:2      | Reached skill level 1 in Armour
   859 | D:2      | Reached XP level 4. HP: 6/33 MP: 4/4
  1295 | D:2      | Reached skill level 1 in Stealth
  1341 | D:2      | Noticed Sigmund
  1359 | D:2      | HP: 1/33 [Sigmund/+2 scythe of flaming (8)]
  1359 | D:2      | Slain by Sigmund

Illustrated notes

Levels and vault maps discovered:
D:1:      zelgadis_glass_arrival_small, layout_loops_ring
D:2:      minmay_chambers_of_ones, layout_basic, shapermc_ecumenical_altar_venn,
          basic_altar, serial_forest, infiniplex_forest_side_room,
          infiniplex_forest_lined_4_way, infiniplex_forest_clump_small,
          infiniplex_forest_zigzag_1, infiniplex_forest_straight_4,
          infiniplex_forest_clump_curved, uniq_sigmund

Skill      XL: |  1  2  3  4 |
---------------+-------------+-----
Long Blades    | 3 |  3.4
Dodging        | 3 |  3.6
Armour         | 1 |  1.4
Stealth        | 1 |  1.0
Fighting       | |  2.2
Throwing       | |  1.8

Action                     |  1- 3 |  4- 6 || total
---------------------------+-------+-------++-------
  Melee: Long sword        |    36 |       ||    36
         Quarterstaff      |    64 |    60 ||   124
  Throw: Throwing net      |     2 |     1 ||     3
         Javelin           |       |     1 ||     1
    Use: Potion            |     1 |     3 ||     4
         Scroll            |       |     4 ||     4
   Stab: Sleeping          |     1 |       ||     1
         Distracted        |       |     1 ||     1
 Armour: Leather armour    |    42 |    16 ||    58
  Dodge: Dodged            |    70 |    38 ||   108

Table legend: (Time is in decaauts)
 A = Elapsed time spent in this place.
 B = Non-inter-level travel time spent in this place.
 C = Inter-level travel time spent in this place.
 D = Time resting spent in this place.
 E = Time spent auto-exploring this place.
 F = Levels seen in this place.
 G = Mean time per level.
                   A        B        C        D        E       F      G
               +--------+--------+--------+--------+--------+-----+--------+
         Total |   1393 |   1248 |    145 |      0 |    811 |   2 |  696.5 |
       Dungeon |   1393 |   1248 |    145 |      0 |    811 |   2 |  696.5 |
               +--------+--------+--------+--------+--------+-----+--------+

Top non-repeatable levels by time:
     D:1: 725 daAuts
     D:2: 668 daAuts
